[Event "Tuesday 17 April Rapid Engine Tour 12+1 Rounds 9 Starts 1600ST"]
[Site "Infinity Chess"]
[Date "2018.4.17"]
[Round "8"]
[White "SkyPilot"]
[Black "OlivierEvan"]
[Result "1/2-1/2"]
[ECO "B90"]
[WhiteElo "2472"]
[BlackElo "2369"]
[WhiteEngine "stockfish_x64_bmi2_2018_04_07_CTG"]
[BlackEngine "Houdini 6"]
[EventType "Swiss"]
[WhiteTeam ""]
[BlackTeam ""]
[PlyCount "131"]
[TimeControl "720+1"]

1. e4 c5 2. Nf3 d6 3. d4 cxd4 4. Nxd4 Nf6 5. Nc3 a6 6. Be3 e5 7. Nb3 Be6 
8. h3 Be7 9. f4 exf4 10. Bxf4 O-O 11. Qf3 Nbd7 12. O-O-O Rc8 13. Kb1 Qb6 
14. g4 Ne5 15. Qg3 h6 16. Be2 Rfe8 17. Rhg1 Bd8 18. Bc1 Qc6 19. Qg2 Ng6 
20. Bd3 Qd7 21. Nd5 Ne5 22. Nd4 Nxd3 23. Rxd3 Rc5 24. Nb3 Rc4 25. Nxf6+ Bxf6 
26. g5 Be5 27. gxh6 g6 28. Nd2 Rc5 29. Nf3 Qa4 30. b3 Qxe4 31. Re3 Qd5 
32. Qg5 Bh8 33. Ba3 Rb5 34. h4 Qc6 35. Qg2 Ra5 36. Bc1 Rh5 37. Qe2 Rxh6 
38. Qd3 Bg7 39. Nd4 Qc5 40. Rg4 Bxd4 41. Rxd4 Kh7 42. Qd2 Rh5 43. Rxd6 Qa5 
44. Qd3 Qb5 45. Qd2 Qa5 46. Rc3 Qe5 47. a3 Bd5 48. Rd7 Qf5 49. Rd6 Qe5 
50. Rd7 Qf5 51. Rdc7 a5 52. Bb2 a4 53. Ka2 b5 54. Qd4 Qe5 55. Qb4 Rf5 
56. R3c5 Qe4 57. Qc3 Rg8 58. Rc8 f6 59. R5c7+ Rg7 60. Rxg7+ Kxg7 61. Qc7+ Bf7 
62. Qd6 Be8 63. Rc7+ Bf7 64. Rc8 Be8 65. Rc7+ Bf7 66. Rc8 1/2-1/2

[Event "Tuesday 17 April Rapid Engine Tour 12+1 Rounds 9 Starts 1600ST"]
[Site "Infinity Chess"]
[Date "2018.4.17"]
[Round "8"]
[White "ocirema"]
[Black "Marsell"]
[Result "0-1"]
[ECO "C55"]
[WhiteElo "2475"]
[BlackElo "2467"]
[WhiteEngine "asmFishW_2018-04-11_popcnt_CTG"]
[BlackEngine "BrainFish_180408_x64_bmi2"]
[EventType "Swiss"]
[WhiteTeam ""]
[BlackTeam ""]
[PlyCount "164"]
[TimeControl "720+1"]

1. e4 e5 2. Nf3 Nc6 3. Bc4 Nf6 4. d3 Bc5 5. O-O d6 6. c3 O-O 7. Bg5 h6 8. Bh4 a6 
9. a4 g5 10. Bg3 Ba7 11. Nbd2 Nh7 12. h3 h5 13. Kh1 Kh8 14. b4 h4 15. Bh2 g4 
16. hxg4 Bxg4 17. b5 Na5 18. Ba2 Ng5 19. d4 h3 20. gxh3 Nxh3 21. Qe1 Rg8 
22. bxa6 Rg7 23. axb7 Nxb7 24. Qe3 Qf6 25. Nxe5 dxe5 26. Bxe5 Qxe5 27. Qh6+ Rh7 
28. Qxh7+ Kxh7 29. dxe5 Nc5 30. Bxf7 Rd8 31. Ra2 Rh8 32. Kg2 Nd3 33. f4 Be2 
34. Kxh3 Kg7+ 35. Bh5 Rxh5+ 36. Kg3 Rh6 37. f5 Rh8 38. Raa1 Rg8 39. Nf3 Kf7+ 
40. Kh4 Be3 41. Nd4 Bxf1 42. Rxf1 Nxe5 43. a5 Kf6 44. a6 Rg2 45. Kh3 Ra2 
46. Re1 Bh6 47. Rh1 Rxa6 48. Kg2 Bd2 49. Rh3 Ra4 50. Kf1 Rc4 51. Ne6 c6 
52. Ke2 Bg5 53. Kd1 Rxe4 54. Rh8 Rh4 55. Rf8+ Ke7 56. Rg8 Be3 57. Kc2 Rh2+ 
58. Kb3 c5 59. Ka4 c4 60. Nc7 Ra2+ 61. Kb4 Rb2+ 62. Ka3 Bc1 63. Ka4 Kd6 
64. Re8 Bf4 65. Na6 Bd2 66. Re6+ Kd5 67. Nc7+ Ke4 68. Nb5 Kxf5 69. Re8 Ke4 
70. Rh8 Kd5 71. Rh5 Be3 72. Nd4 Bxd4 73. cxd4 Kxd4 74. Ka3 c3 75. Rh7 Rb1 
76. Rh2 Nc4+ 77. Ka4 c2 78. Rh4+ Kc5 79. Rh5+ Ne5 80. Rh6 c1=Q 81. Rc6+ Kxc6 
82. Ka5 Qa3# 0-1

[Event "Tuesday 17 April Rapid Engine Tour 12+1 Rounds 9 Starts 1600ST"]
[Site "Infinity Chess"]
[Date "2018.4.17"]
[Round "8"]
[White "Thinker"]
[Black "Longin"]
[Result "1/2-1/2"]
[ECO "C50"]
[WhiteElo "2457"]
[BlackElo "2485"]
[WhiteEngine "BrainFish_180411_x64_modern_CTG"]
[BlackEngine "Raubfisch ME262_GTZ17b_CTG"]
[EventType "Swiss"]
[WhiteTeam ""]
[BlackTeam ""]
[PlyCount "85"]
[TimeControl "720+1"]

1. e4 e5 2. Nf3 Nc6 3. Bc4 Bc5 4. d3 Nf6 5. c3 d6 6. O-O O-O 7. h3 a5 8. Nbd2 h6 
9. Re1 Be6 10. b3 Ba7 11. Nf1 d5 12. exd5 Nxd5 13. Bd2 Qf6 14. N1h2 Rad8 
15. Rc1 Nf4 16. Bxf4 Bxc4 17. bxc4 Qxf4 18. Qc2 f5 19. Rb1 e4 20. dxe4 Bxf2+ 
21. Qxf2 fxe4 22. Qe2 exf3 23. Nxf3 Rde8 24. Qxe8 Rxe8 25. Rxe8+ Kh7 
26. Rxb7 Qc1+ 27. Kf2 Qxc3 28. Rc8 Ne7 29. Rcxc7 Nf5 30. Kg1 Qe3+ 31. Kh2 Qf4+ 
32. Kg1 a4 33. Ra7 Qc1+ 34. Kh2 Qf4+ 35. Kg1 a3 36. c5 Qc1+ 37. Kh2 Qf4+ 
38. Kg1 h5 39. Rc8 Qc1+ 40. Kh2 Qf4+ 41. Kg1 Qe3+ 42. Kh2 Qf4+ 43. Kg1 1/2-1/2

[Event "Tuesday 17 April Rapid Engine Tour 12+1 Rounds 9 Starts 1600ST"]
[Site "Infinity Chess"]
[Date "2018.4.17"]
[Round "8"]
[White "hafaba"]
[Black "RonWeasley"]
[Result "1/2-1/2"]
[ECO "C11"]
[WhiteElo "2472"]
[BlackElo "2485"]
[WhiteEngine "Eman 1.70-beta21 64-bit POPCNT_CTG"]
[BlackEngine "BrainFish 090218_CTG"]
[EventType "Swiss"]
[WhiteTeam ""]
[BlackTeam ""]
[PlyCount "200"]
[TimeControl "720+1"]

1. e4 e6 2. d4 d5 3. Nc3 Nf6 4. e5 Nfd7 5. f4 c5 6. Nf3 Nc6 7. Be3 cxd4 
8. Nxd4 Qb6 9. Qd2 Qxb2 10. Rb1 Qa3 11. Bb5 Nxd4 12. Bxd4 a6 13. Bxd7+ Bxd7 
14. Rb3 Qe7 15. Rxb7 Rc8 16. O-O Qd8 17. Qf2 Rxc3 18. Bxc3 Qc8 19. Rb3 Ba4 
20. Bd4 Bxb3 21. axb3 Be7 22. c3 O-O 23. b4 Qc6 24. Ra1 Bd8 25. h4 Bc7 
26. Kh2 Ra8 27. Qe2 Bd8 28. h5 h6 29. Qd3 a5 30. bxa5 Rxa5 31. Rb1 Bc7 
32. Qf1 Qa8 33. Kh3 Qc8 34. Rb3 Bd8 35. Qb1 Ra8 36. Rb2 Qc6 37. Qd3 Qc8 
38. Qb5 Be7 39. Rb1 Qd8 40. g3 Bf8 41. Qc6 Rc8 42. Qb6 Qe8 43. Qb5 Qd8 
44. Kh2 Be7 45. Rb3 Qf8 46. f5 Ra8 47. Rb2 Qc8 48. fxe6 Qxe6 49. Qb7 Rd8 
50. Ra2 Bg5 51. Qb5 Qg4 52. Qe2 Qxe2+ 53. Rxe2 g6 54. g4 Kf8 55. Kg3 gxh5 
56. gxh5 Ra8 57. Re1 Ke7 58. Rb1 Ke6 59. Rb6+ Kf5 60. Rb7 Ke6 61. Rb6+ Kf5 
62. Kf3 Ra2 63. Rb4 Ra8 64. Rb5 Ke6 65. Rb1 Ra6 66. Rb7 Rc6 67. Kg4 Bd2 
68. Rb3 Bg5 69. Rb2 Bd8 70. Rb8 Bg5 71. Kf3 Ra6 72. Rb7 Bd2 73. Kg4 Bg5 
74. Rb2 Be7 75. Rb1 Bg5 76. Rb7 Bd2 77. Rc7 Bg5 78. Rc5 Bd8 79. Rc8 Bg5 
80. Rc7 Bd8 81. Rc8 Bg5 82. Rc5 Bd8 83. Rb5 Bc7 84. Rb7 Rc6 85. Rb5 Rc4 
86. Kf3 Bxe5 87. Rb6+ Kf5 88. Rxh6 Bxd4 89. cxd4 Rxd4 90. Ra6 Rf4+ 91. Kg3 Rg4+ 
92. Kf2 f6 93. Ra7 Rh4 94. Rd7 Ke5 95. Rh7 Kf4 96. h6 Rh5 97. Rd7 Rxh6 
98. Rxd5 Rh2+ 99. Kf1 f5 100. Rd3 Rc2 1/2-1/2

[Event "Tuesday 17 April Rapid Engine Tour 12+1 Rounds 9 Starts 1600ST"]
[Site "Infinity Chess"]
[Date "2018.4.17"]
[Round "8"]
[White "Murx"]
[Black "CrapCleaner"]
[Result "1/2-1/2 "]
[ECO "D35"]
[WhiteElo "2514"]
[BlackElo "2490"]
[WhiteEngine "asmFishW_2018-04-07_popcnt"]
[BlackEngine "Raubfisch X38b_CTG"]
[EventType "Swiss"]
[WhiteTeam ""]
[BlackTeam ""]
[PlyCount "172"]
[TimeControl "720+1"]

1. d4 d5 2. c4 e6 3. Nc3 Nf6 4. cxd5 exd5 5. Bg5 c6 6. e3 Be7 7. Bd3 O-O 
8. Nf3 Nbd7 9. Qc2 h6 10. Bh4 Re8 11. O-O Ne4 12. Bxe4 Bxh4 13. Bh7+ Kh8 
14. Nxh4 Qxh4 15. Bd3 Qe7 16. Rab1 Nb6 17. Ne2 a5 18. Rfe1 Nd7 19. a3 Nf6 
20. Nc3 Be6 21. Rbc1 Qd6 22. f3 b6 23. Qf2 Rad8 24. Qg3 Qe7 25. Qf4 Kg8 
26. Na4 Qb7 27. Re2 Bd7 28. Nc3 Bc8 29. Nd1 Bd7 30. Nf2 Rc8 31. e4 dxe4 
32. fxe4 c5 33. Rd1 c4 34. Bc2 c3 35. b3 Qa6 36. Ree1 a4 37. b4 Qc4 38. Qc1 Qa2 
39. h3 Qb2 40. Nd3 Qa2 41. Bb1 Qb3 42. Bc2 Qa2 43. Nf2 Qb2 44. Bd3 Nh5 
45. Ba6 Rc7 46. d5 f6 47. d6 Qxc1 48. Rxc1 Rc6 49. Nd3 Rxd6 50. Rxc3 b5 
51. Bb7 Be6 52. e5 fxe5 53. Rxe5 Nf6 54. Bf3 Bf7 55. Rxe8+ Bxe8 56. Kf2 Kf8 
57. Ne5 g5 58. Rd3 Re6 59. Re3 Rd6 60. Rc3 Ke7 61. Nc6+ Kf8 62. Rc5 h5 
63. Na7 g4 64. hxg4 hxg4 65. Bc6 Re6 66. Kf1 Ne4 67. Bxe4 Rxe4 68. Nxb5 Bxb5+ 
69. Rxb5 Re3 70. Rb7 Rxa3 71. Ra7 Ra1+ 72. Kf2 a3 73. Ke2 Ra2+ 74. Kf1 g3 
75. Ke1 Ra1+ 76. Kd2 a2 77. Kc3 Rc1+ 78. Kb2 Rb1+ 79. Kxa2 Rxb4 80. Ra3 Rg4 
81. Rf3+ Ke7 82. Rb3 Kf6 83. Ka3 Kg5 84. Rc3 Kh4 85. Kb3 Kg5 86. Ka3 Kh6 1/2-1/2

[Event "Tuesday 17 April Rapid Engine Tour 12+1 Rounds 9 Starts 1600ST"]
[Site "Infinity Chess"]
[Date "2018.4.17"]
[Round "8"]
[White "Susanne"]
[Black "Seliga"]
[Result "1/2-1/2"]
[ECO "C53"]
[WhiteElo "2532"]
[BlackElo "2501"]
[WhiteEngine "asmFishW_IX_bmi2_CTG"]
[BlackEngine "AsmFish@A12_CTG"]
[EventType "Swiss"]
[WhiteTeam ""]
[BlackTeam ""]
[PlyCount "159"]
[TimeControl "720+1"]

1. e4 e5 2. Nf3 Nc6 3. Bc4 Bc5 4. c3 Nf6 5. d3 a5 6. O-O d6 7. Bg5 O-O 
8. Nbd2 h6 9. Bh4 Ba7 10. Re1 g5 11. Bg3 Nh7 12. h3 h5 13. d4 g4 14. Bh4 Qd7 
15. Nh2 exd4 16. cxd4 Bxd4 17. hxg4 hxg4 18. Be2 f5 19. exf5 Qxf5 20. Bxg4 Bxf2+ 
21. Kh1 Qg6 22. Bxf2 Rxf2 23. Qb3+ Kh8 24. Qc3+ Ne5 25. Ndf3 Nf6 26. Nxe5 dxe5 
27. Bf3 Bh3 28. Rg1 Bg4 29. Qe3 Rc2 30. Bxg4 Nxg4 31. Qh3+ Nh6 32. Rac1 Rxc1 
33. Rxc1 Rf8 34. Ng4 Qxg4 35. Qxh6+ Kg8 36. Rxc7 Rf7 37. Rxf7 Kxf7 38. Kh2 b5 
39. Qe3 e4 40. Qb3+ Ke7 41. Qxb5 Qh4+ 42. Kg1 Qe1+ 43. Kh2 Qh4+ 44. Kg1 Qe1+ 
45. Qf1 Qe3+ 46. Kh1 Qh6+ 47. Kg1 Qe3+ 48. Kh1 a4 49. Qf5 Qe1+ 50. Kh2 Qh4+ 
51. Kg1 Qe1+ 52. Kh2 Qh4+ 53. Kg1 Qe1+ 54. Qf1 Qd2 55. Qb5 Qe1+ 56. Qf1 Qe3+ 
57. Kh1 Qg5 58. Qf2 e3 59. Qf3 Qe5 60. Qb7+ Kd8 61. Qb6+ Ke8 62. Qc6+ Ke7 
63. Qb7+ Kf6 64. Qf3+ Ke6 65. Qe2 Ke7 66. a3 Qf4 67. Qd3 Qh4+ 68. Kg1 Qf2+ 
69. Kh1 e2 70. Qe4+ Kf6 71. Qc6+ Kf5 72. Qd5+ Kf6 73. Qd8+ Ke6 74. Qc8+ Kd6 
75. Qa6+ Ke5 76. Qb5+ Ke4 77. Qc4+ Ke5 78. Qb5+ Ke6 79. Qc4+ Ke5 80. Qb5+ 
1/2-1/2

[Event "Tuesday 17 April Rapid Engine Tour 12+1 Rounds 9 Starts 1600ST"]
[Site "Infinity Chess"]
[Date "2018.4.17"]
[Round "7"]
[White "SkyPilot"]
[Black "HerzsjeMZ"]
[Result "1-0"]
[ECO "A45"]
[WhiteElo "2457"]
[BlackElo "2424"]
[WhiteEngine "stockfish_x64_bmi2_2018_04_07_CTG"]
[BlackEngine "S_XPrO.020418.64.POPCNT_CTG"]
[EventType "Swiss"]
[WhiteTeam ""]
[BlackTeam ""]
[PlyCount "177"]
[TimeControl "720+1"]

1. d4 Nf6 2. Bf4 c5 3. d5 d6 4. Nf3 a6 5. a4 e5 6. Bg5 h6 7. Bxf6 Qxf6 
8. Nc3 Qg6 9. g3 Be7 10. Nd2 O-O 11. e4 Nd7 12. Bh3 Qh7 13. Qe2 h5 14. a5 h4 
15. f4 Rb8 16. Kd1 c4 17. Ra3 Qh6 18. Qf3 exf4 19. gxf4 Bf6 20. Rf1 Nc5 
21. Na4 Bxh3 22. Qxh3 Nxa4 23. Rxa4 c3 24. bxc3 Rfe8 25. Qf3 Qg6 26. e5 dxe5 
27. f5 e4 28. Nxe4 Qh6 29. Nxf6+ Qxf6 30. Rg1 Kf8 31. Rag4 Re5 32. Rxg7 Ke7 
33. Kc1 Qxf5 34. Qg2 h3 35. Qd2 Rxd5 36. Qe1+ Qe6 37. Rxf7+ Kxf7 38. Rg7+ Kxg7 
39. Qxe6 Rbd8 40. c4 R5d7 41. Qg4+ Kf7 42. Qxh3 Re7 43. Qh5+ Ke6 44. h4 Rdd7 
45. Qg6+ Ke5 46. c5 Rc7 47. Qg5+ Kd4 48. Kb2 Rg7 49. Qf5 Kc4 50. h5 Rgf7 
51. Qe5 Rh7 52. h6 Rcd7 53. Qc3+ Kd5 54. Kb3 Rde7 55. c6 bxc6 56. Qd3+ Ke6 
57. Qxa6 Kd6 58. Qd3+ Kc7 59. Qd4 Kb7 60. Qb6+ Ka8 61. Qxc6+ Rb7+ 62. Ka4 Ka7 
63. Qc5+ Ka6 64. Qc4+ Ka7 65. Qd4+ Ka6 66. Qd3+ Ka7 67. a6 Rbc7 68. Kb5 Rcd7 
69. Qe3+ Ka8 70. c4 Rhe7 71. Qf3+ Ka7 72. Qf2+ Ka8 73. c5 Rd8 74. Kb6 Rb8+ 
75. Ka5 Rh8 76. Qf6 Reh7 77. Qe5 Ka7 78. c6 Rc8 79. Qd4+ Kb8 80. Qb6+ Ka8 
81. Qb7+ Rxb7 82. cxb7+ Ka7 83. bxc8=N+ Kb8 84. a7+ Kxc8 85. a8=Q+ Kd7 
86. Qd5+ Ke8 87. Qb7 Kf8 88. h7 Ke8 89. h8=Q# 1-0

[Event "Tuesday 17 April Rapid Engine Tour 12+1 Rounds 9 Starts 1600ST"]
[Site "Infinity Chess"]
[Date "2018.4.17"]
[Round "7"]
[White "angriff"]
[Black "star99"]
[Result "1/2-1/2"]
[ECO "C42"]
[WhiteElo "2389"]
[BlackElo "2423"]
[WhiteEngine "DracoREX 3.07 64BIT POPCNT_CTG"]
[BlackEngine "Cryptic Heroes 9.4B"]
[EventType "Swiss"]
[WhiteTeam ""]
[BlackTeam ""]
[PlyCount "156"]
[TimeControl "720+1"]

1. e4 e5 2. Nf3 Nf6 3. Nxe5 d6 4. Nf3 Nxe4 5. d4 d5 6. Bd3 Nc6 7. O-O Be7 
8. c4 Nb4 9. Be2 O-O 10. Nc3 Bf5 11. a3 Nxc3 12. bxc3 Nc6 13. Re1 Re8 
14. Bf4 dxc4 15. Bxc4 Bd6 16. Rxe8+ Qxe8 17. Nh4 Na5 18. Nxf5 Nxc4 19. Qf3 Rb8 
20. Bh6 g6 21. Nxd6 Nxd6 22. Qf6 Nf5 23. Bf4 Qe7 24. Qxe7 Nxe7 25. Kf1 Rc8 
26. Rb1 b6 27. a4 f6 28. a5 Kf7 29. Ke2 g5 30. Be3 h5 31. Kd3 Ra8 32. c4 Nc6 
33. a6 Rd8 34. Kc3 Ne7 35. d5 c5 36. f3 Ng6 37. Bd2 Nh4 38. Rg1 Re8 39. Kd3 Re7 
40. Bc1 Re8 41. Bd2 Re7 42. f4 g4 43. f5 Re8 44. Bf4 Nxf5 45. Rf1 Nd4 46. Bc7 h4 
47. h3 g3 48. Rf4 Re1 49. Rxh4 Rd1+ 50. Ke4 b5 51. cxb5 Nxb5 52. Ke3 Ra1 
53. Bxg3 Rxa6 54. Rc4 Ra3+ 55. Kf2 Rc3 56. Ra4 Rd3 57. d6 Ke6 58. Re4+ Kd7 
59. Re7+ Kc6 60. h4 Rd5 61. Bf4 a5 62. g4 a4 63. h5 a3 64. h6 a2 65. h7 a1=Q 
66. h8=Q Nxd6 67. Qb8 Qa2+ 68. Kf3 Rd3+ 69. Be3 Qa5 70. Kf2 Rd1 71. Kg3 f5 
72. Bxc5 Ne4+ 73. Rxe4 fxe4 74. Qc8+ Qc7+ 75. Qxc7+ Kxc7 76. g5 Rd8 77. Kf4 Kc6 
78. Be3 Kd5 1/2-1/2

[Event "Tuesday 17 April Rapid Engine Tour 12+1 Rounds 9 Starts 1600ST"]
[Site "Infinity Chess"]
[Date "2018.4.17"]
[Round "7"]
[White "ludimilojko"]
[Black "Katzenmaier"]
[Result "1/2-1/2 "]
[ECO "C50"]
[WhiteElo "2296"]
[BlackElo "2493"]
[WhiteEngine "S_XPrO.180318a.64_CTG"]
[BlackEngine "Raubfisch X38a."]
[EventType "Swiss"]
[WhiteTeam ""]
[BlackTeam ""]
[PlyCount "176"]
[TimeControl "720+1"]

1. e4 e5 2. Nf3 Nc6 3. Bc4 Bc5 4. O-O Nf6 5. d3 d6 6. c3 O-O 7. Bg5 h6 8. Bh4 a6 
9. a4 g5 10. Bg3 Ba7 11. Nbd2 Nh7 12. h3 h5 13. Kh1 Kh8 14. b4 g4 15. Nh4 Qg5 
16. Kh2 Ne7 17. Qe1 Ng6 18. Nxg6+ fxg6 19. h4 Qh6 20. Rh1 g5 21. Kg1 gxh4 
22. Bxh4 Bd7 23. Nf1 Rf4 24. Bg3 Raf8 25. d4 exd4 26. Ra2 Ng5 27. Bxf4 Rxf4 
28. Ng3 h4 29. Qd2 Nh3+ 30. gxh3 hxg3 31. hxg4 gxf2+ 32. Qxf2 Rxg4+ 
33. Qg2 Rxg2+ 34. Kxg2 Qxh1+ 35. Kxh1 dxc3 36. Bb3 Be3 37. Rg2 b5 38. axb5 axb5 
39. Rg3 Bd4 40. Kg2 Be6 41. Bxe6 c2 42. Rh3+ Kg7 43. Rh1 Be3 44. Rf1 c1=Q 
45. Rxc1 Bxc1 46. Bd7 Ba3 47. Bxb5 Bxb4 48. Bc6 Kg6 49. Kf3 Bc5 50. Ke2 Kf6 
51. Kd3 Ba3 52. Kc4 Bb2 53. Kd5 Be5 54. Kc4 Ke6 55. Kb5 Kf6 56. Kc4 Ke6 
57. Kb5 Ke7 58. Kc4 Bh2 59. Kd5 Kf6 60. Ba4 c5 61. e5+ Bxe5 62. Bb5 Kf5 
63. Bc4 Kf4 64. Bf1 Kf3 65. Bc4 Bh2 66. Ba6 Bf4 67. Bf1 Be5 68. Bb5 Bg3 
69. Bf1 Bf4 70. Bc4 Bh2 71. Bf1 Bf4 72. Bc4 Be5 73. Bf1 Bh2 74. Bb5 Be5 
75. Bf1 Kf2 76. Bc4 Bf4 77. Ba2 Ke2 78. Bb1 Kf3 79. Ba2 Be5 80. Bb1 Bh2 
81. Ba2 Kg2 82. Bc4 Be5 83. Bd3 Kf2 84. Bb1 Kf1 85. Ba2 Ke2 86. Bb1 Kd2 
87. Ba2 Kd3 88. Bb1+ Kd2 1/2-1/2

[Event "Tuesday 17 April Rapid Engine Tour 12+1 Rounds 9 Starts 1600ST"]
[Site "Infinity Chess"]
[Date "2018.4.17"]
[Round "7"]
[White "RonWeasley"]
[Black "MarioDeMonti"]
[Result "1-0"]
[ECO "A53"]
[WhiteElo "2470"]
[BlackElo "2446"]
[WhiteEngine "BrainFish 090218_CTG"]
[BlackEngine "stockfish_x64_bmi2_2018_02_18_CTG"]
[EventType "Swiss"]
[WhiteTeam ""]
[BlackTeam ""]
[PlyCount "90"]
[TimeControl "720+1"]

1. d4 Nf6 2. c4 d6 3. Nc3 g6 4. Nf3 Bg7 5. e4 O-O 6. Be2 e5 7. O-O Nc6 8. d5 Ne7 
9. Ne1 Nd7 10. f3 f5 11. Be3 f4 12. Bf2 g5 13. b4 Nf6 14. c5 Ng6 15. a4 a6 
16. c6 h5 17. b5 axb5 18. cxb7 Bxb7 19. Bxb5 Ra5 20. Nc2 g4 21. Nb4 Bh6 
22. Be1 Kh8 23. Nc6 Bxc6 24. Bxc6 Ne7 25. Bb5 Rg8 26. Kh1 g3 27. Ne2 Ra8 
28. a5 h4 29. h3 Nd7 30. Qa4 Nc5 31. Qc4 Bg7 32. Bb4 Nd7 33. Rfc1 Bf6 
34. Qxc7 Nc5 35. Qxd8 Rgxd8 36. Bxc5 dxc5 37. a6 Nc8 38. Rxc5 Be7 39. Rc2 Na7 
40. Bc6 Rdc8 41. Rac1 Rab8 42. Bb7 Rxc2 43. Rxc2 Kg7 44. Nc1 Rd8 45. Rc7 Kf6 1-0

[Event "Tuesday 17 April Rapid Engine Tour 12+1 Rounds 9 Starts 1600ST"]
[Site "Infinity Chess"]
[Date "2018.4.17"]
[Round "7"]
[White "OlivierEvan"]
[Black "ocirema"]
[Result "1/2-1/2"]
[ECO "C52"]
[WhiteElo "2364"]
[BlackElo "2480"]
[WhiteEngine "Houdini 6"]
[BlackEngine "asmFishW_2018-04-11_popcnt_CTG"]
[EventType "Swiss"]
[WhiteTeam ""]
[BlackTeam ""]
[PlyCount "150"]
[TimeControl "720+1"]

1. e4 e5 2. Nf3 Nc6 3. Bc4 Bc5 4. b4 Bxb4 5. c3 Ba5 6. d4 d6 7. Qb3 Qd7 
8. Nbd2 Bb6 9. O-O Na5 10. Qc2 exd4 11. cxd4 Ne7 12. Re1 O-O 13. Bf1 Ng6 
14. Rb1 Qd8 15. Bb2 c6 16. h3 Re8 17. e5 d5 18. Bd3 Be6 19. Ba3 h6 20. Bxg6 fxg6 
21. Qxg6 Qd7 22. Qg3 Nc4 23. Bb4 Bf5 24. Rb3 a5 25. Bc5 Bd8 26. Nxc4 dxc4 
27. Rbe3 b6 28. Bd6 b5 29. Nh4 Be6 30. Ng6 b4 31. Nf4 Ra7 32. Kh2 Rb7 
33. Nxe6 Qxe6 34. f4 c3 35. Qf2 Qc4 36. Bc5 Rf7 37. Re4 Kh8 38. Bd6 Qe6 
39. Rf1 Qd5 40. Rfe1 Rb7 41. Qc2 Bb6 42. Qd3 Bd8 43. Qc2 Bb6 44. Qd3 Bc7 
45. Bxc7 Rxc7 46. R1e2 c5 47. f5 Rg8 48. Rf4 cxd4 49. Rxd4 Qc6 50. f6 gxf6 
51. Qe3 Qe6 52. Qxh6+ Rh7 53. Qxf6+ Qxf6 54. exf6 Rf8 55. Rf2 Kg8 56. Rc4 Kf7 
57. Rc6 Kg6 58. f7+ Kg7 59. Rf5 Rxf7 60. Rxa5 Rh6 61. Rg5+ Kh7 62. Rc4 Rb6 
63. Kg3 Rff6 64. Rh4+ Rh6 65. Rxh6+ Kxh6 66. Rc5 Kg6 67. Rc4 Kf5 68. Kf3 Ke5 
69. Ke3 Kd5 70. Kd3 Rg6 71. Rxb4 Rg3+ 72. Kc2 Rxg2+ 73. Kxc3 Rxa2 74. Kb3 Rg2 
75. h4 Kc6 1/2-1/2

[Event "Tuesday 17 April Rapid Engine Tour 12+1 Rounds 9 Starts 1600ST"]
[Site "Infinity Chess"]
[Date "2018.4.17"]
[Round "7"]
[White "Marsell"]
[Black "CrapCleaner"]
[Result "1/2-1/2"]
[ECO "C55"]
[WhiteElo "2466"]
[BlackElo "2491"]
[WhiteEngine "BrainFish_180408_x64_bmi2"]
[BlackEngine "Raubfisch X38b_CTG"]
[EventType "Swiss"]
[WhiteTeam ""]
[BlackTeam ""]
[PlyCount "100"]
[TimeControl "720+1"]

1. e4 e5 2. Nf3 Nc6 3. Bc4 Nf6 4. d3 Bc5 5. c3 O-O 6. O-O d6 7. h3 a5 
8. Nbd2 Be6 9. Bb5 h6 10. Re1 Qb8 11. Nf1 Qa7 12. Be3 Bxe3 13. Nxe3 Ne7 
14. a4 Ng6 15. Bc4 Bxc4 16. Nxc4 Qa6 17. b3 Rfe8 18. Qc2 Nf4 19. Kh2 Qc6 
20. Rad1 b6 21. d4 exd4 22. Nxd4 Qc5 23. g3 Ng6 24. Re2 Rad8 25. Nb2 Qg5 
26. Rf1 h5 27. f4 Qh6 28. Kg2 Nf8 29. Rfe1 d5 30. Nf5 Qh7 31. exd5 Rxe2+ 
32. Rxe2 Nxd5 33. c4 Nb4 34. Qe4 h4 35. c5 hxg3 36. cxb6 cxb6 37. Ne7+ Kh8 
38. Qxh7+ Kxh7 39. Kxg3 Ne6 40. Re5 g6 41. f5 Nd4 42. fxg6+ fxg6 43. Nc4 Nxb3 
44. Nxb6 Rd3+ 45. Kg2 Rd2+ 46. Kg3 Kg7 47. Re3 Nd4 48. Nc4 Ra2 49. Re4 Ne2+ 
50. Kf3 Ng1+ 1/2-1/2

[Event "Tuesday 17 April Rapid Engine Tour 12+1 Rounds 9 Starts 1600ST"]
[Site "Infinity Chess"]
[Date "2018.4.17"]
[Round "7"]
[White "Thinker"]
[Black "Murx"]
[Result "1/2-1/2"]
[ECO "C50"]
[WhiteElo "2454"]
[BlackElo "2517"]
[WhiteEngine "BrainFish_180411_x64_modern_CTG"]
[BlackEngine "asmFishW_2018-04-07_popcnt"]
[EventType "Swiss"]
[WhiteTeam ""]
[BlackTeam ""]
[PlyCount "107"]
[TimeControl "720+1"]

1. e4 e5 2. Nf3 Nc6 3. Bc4 Bc5 4. O-O Nf6 5. d3 a5 6. c3 d6 7. Re1 Ba7 
8. Nbd2 O-O 9. Nf1 Be6 10. Bxe6 fxe6 11. Ng3 a4 12. Be3 Bxe3 13. Rxe3 Ne7 
14. d4 Ng6 15. h3 Nd7 16. Qe2 Ra6 17. Rd1 Qe8 18. Nh5 Ra5 19. Ng3 Ra6 20. Qc4 c6 
21. Qd3 Qe7 22. Ne2 c5 23. Rd2 Qe8 24. Rd1 h6 25. Rb1 Qf7 26. Qb5 exd4 
27. cxd4 cxd4 28. Nexd4 Nf6 29. Rc1 Kh7 30. Kh2 e5 31. Ne2 Qxa2 32. Rc7 Rf7 
33. Nc3 Qe6 34. Rxb7 Ra5 35. Qb4 Rxb7 36. Qxb7 Qc4 37. Nd2 Qd4 38. Ndb1 Nf4 
39. Na3 Ra7 40. Qc6 Qd2 41. Rf3 Qxb2 42. Qxd6 Ng6 43. Nc4 Qb7 44. Rxf6 gxf6 
45. Nd5 Qa6 46. Nxf6+ Kg7 47. Nh5+ Kh7 48. Nf6+ Kg7 49. Nh5+ Kh7 50. Qd8 Qxc4 
51. Nf6+ Kg7 52. Ne8+ Kh8 53. Nf6+ Kg7 54. Ne8+ 1/2-1/2

[Event "Tuesday 17 April Rapid Engine Tour 12+1 Rounds 9 Starts 1600ST"]
[Site "Infinity Chess"]
[Date "2018.4.17"]
[Round "7"]
[White "Seliga"]
[Black "hafaba"]
[Result "1-0"]
[ECO "D31"]
[WhiteElo "2485"]
[BlackElo "2488"]
[WhiteEngine "AsmFish@A12_CTG"]
[BlackEngine "Eman 1.70-beta21 64-bit POPCNT_CTG"]
[EventType "Swiss"]
[WhiteTeam ""]
[BlackTeam ""]
[PlyCount "141"]
[TimeControl "720+1"]

1. d4 d5 2. c4 e6 3. Nc3 c6 4. e4 dxe4 5. Nxe4 Bb4+ 6. Nc3 e5 7. a3 Bxc3+ 
8. bxc3 Qa5 9. Bd2 Nf6 10. Nf3 Nbd7 11. Be2 e4 12. Ng5 e3 13. Bxe3 Qxc3+ 
14. Kf1 O-O 15. Qe1 Qxe1+ 16. Rxe1 Re8 17. Nf3 b6 18. Nd2 Ba6 19. Kg1 Rad8 
20. h3 c5 21. d5 h6 22. Kh2 Ne4 23. Nxe4 Rxe4 24. Bd3 Rxc4 25. Bxc4 Bxc4 
26. Bf4 Nf8 27. Bg3 Bxd5 28. Re7 Ra8 29. Rd1 Bc6 30. Rd6 Bb5 31. Be5 Be8 
32. Rb7 Ng6 33. Ba1 h5 34. Kg3 h4+ 35. Kg4 f6 36. Bb2 Bb5 37. g3 hxg3 
38. Kxg3 Be8 39. h4 Nf8 40. f3 Bf7 41. f4 Be8 42. f5 b5 43. Kg4 a5 44. h5 Nh7 
45. Re6 Ng5 46. h6 Bf7 47. Ree7 Rd8 48. hxg7 Kxg7 49. Rb6 Nh7 50. Bc1 Kg8 
51. Rbb7 Bd5 52. Rg7+ Kf8 53. Rbc7 Rc8 54. Rxh7 Rxc7 55. Rxc7 Bb3 56. Rxc5 Ba4 
57. Rc7 Ke8 58. Bb2 Kd8 59. Ra7 Ke8 60. Kf4 Kd8 61. Bxf6+ Ke8 62. Ke5 b4 
63. Kd6 Bc2 64. Re7+ Kf8 65. Bg7+ Kg8 66. Ke5 Bd1 67. Kf6 Bh5 68. Rc7 b3 
69. Rc8+ Be8 70. Rxe8+ Kh7 71. Rh8# 1-0

[Event "Tuesday 17 April Rapid Engine Tour 12+1 Rounds 9 Starts 1600ST"]
[Site "Infinity Chess"]
[Date "2018.4.17"]
[Round "7"]
[White "Longin"]
[Black "Susanne"]
[Result "1/2-1/2"]
[ECO "B32"]
[WhiteElo "2483"]
[BlackElo "2534"]
[WhiteEngine "Raubfisch ME262_GTZ17b_CTG"]
[BlackEngine "asmFishW_IX_bmi2_CTG"]
[EventType "Swiss"]
[WhiteTeam ""]
[BlackTeam ""]
[PlyCount "159"]
[TimeControl "720+1"]

1. e4 c5 2. Nf3 Nc6 3. d4 cxd4 4. Nxd4 e5 5. Nb5 d6 6. c4 Nf6 7. Bd3 Be7 
8. N5c3 O-O 9. O-O h6 10. h3 Nd7 11. Nd5 Bg5 12. Nbc3 Bxc1 13. Rxc1 Nc5 
14. f4 exf4 15. Nxf4 Ne5 16. Be2 Qg5 17. Qe1 b6 18. h4 Qd8 19. Qg3 Bb7 
20. Nfd5 Bxd5 21. exd5 Qe7 22. Rce1 a6 23. Bg4 Qc7 24. Bf5 Kh8 25. b3 Rae8 
26. Kh1 Ncd7 27. Bc2 Rb8 28. Bb1 b5 29. cxb5 axb5 30. Ne2 b4 31. Nd4 Qc3 
32. Qxc3 bxc3 33. Ne2 Rb4 34. g3 Rc8 35. Rc1 Nf6 36. Nxc3 h5 37. Ne2 Rcb8 
38. Nf4 Kg8 39. Kg1 Re8 40. Rf2 Kf8 41. Re2 Rd4 42. Kg2 g6 43. a4 Ra8 
44. Bc2 Rb4 45. Bd1 Ra5 46. Rc8+ Kg7 47. Ra2 Ne4 48. Rc7 Kf8 49. Re2 Nf6 
50. Rc8+ Kg7 51. Ra2 Ra7 52. Rd2 Ned7 53. Nd3 Rd4 54. Rc4 Rxc4 55. bxc4 Ng4 
56. Re2 Kf6 57. Kf3 Nb6 58. c5 dxc5 59. Nxc5 Nxd5 60. Rd2 Ne7 61. Be2 Rc7 
62. Rc2 Ra7 63. Bb5 Nf5 64. Kf4 Ke7 65. Re2+ Kd6 66. Ne4+ Kd5 67. Rd2+ Nd4 
68. Be2 Re7 69. Nc3+ Kc5 70. Bxg4 hxg4 71. Kxg4 f5+ 72. Kf4 Kc4 73. Nb1 Re4+ 
74. Kg5 Nf3+ 75. Kxg6 Nxd2 76. Nxd2+ Kd3 77. Nxe4 fxe4 78. h5 e3 79. h6 e2 
80. h7 1/2-1/2